SL
BIRMINGHAM BARONS @ JACKSONVILLE SUNS
08/12/2099
 
TOP OF THE 1ST
Birmingham Barons batting - Pitching for Jacksonville Suns : RHP Jaime Alvim
Pitching: RHP Jaime Alvim
Batting: RHB John Iglesias 0-0: Ball
1-0: Foul Ball, location: 2F
1-1: Fly out, F7 (Flyball, 7S, EV 87.5 MPH)
Batting: RHB Henry Daniels 0-0: Swinging Strike
0-1: Ball
1-1: Ball
2-1: Foul Ball, location: 9LSF
2-2: Strikes out swinging
Batting: LHB Bob Cozart 0-0: Called Strike
0-1: Ball
1-1: Called Strike
1-2: Strikes out swinging
Top of the 1st over - 0 runs, 0 hits, 0 errors, 0 left on base; Birmingham 0 - Jacksonville 0
BOTTOM OF THE 1ST
Jacksonville Suns batting - Pitching for Birmingham Barons : RHP Josh Montgomery
Pitching: RHP Josh Montgomery
Batting: RHB Chris Kern 0-0: Ball
1-0: Called Strike
1-1: Ball
2-1: Ground out 1-3 (Groundball, 13S, EV 64.4 MPH)
Batting: RHB Dusty Evans 0-0: Ball
1-0: Swinging Strike
1-1: Swinging Strike
1-2: Ball
2-2: Strikes out swinging
Batting: RHB Kento Asakura 0-0: Ball
1-0: Foul Ball, location: 5F
1-1: Ground out 6-3 (Groundball, 4MD, EV 96.9 MPH)
Bottom of the 1st over - 0 runs, 0 hits, 0 errors, 0 left on base; Birmingham 0 - Jacksonville 0
TOP OF THE 2ND
Birmingham Barons batting - Pitching for Jacksonville Suns : RHP Jaime Alvim
Batting: RHB Jesse Rhodes 0-0: Ground out 6-3 (Groundball, 6, EV 86.9 MPH)
Batting: LHB Nelson Cervantes 0-0: Ball
1-0: Fly out, F8 (Flyball, 8LD, EV 96.3 MPH)
Batting: RHB Bryce Spraggins 0-0: Foul Ball, location: 5SF
0-1: Ball
1-1: Ball
2-1: Swinging Strike
2-2: Strikes out looking
Top of the 2nd over - 0 runs, 0 hits, 0 errors, 0 left on base; Birmingham 0 - Jacksonville 0
BOTTOM OF THE 2ND
Jacksonville Suns batting - Pitching for Birmingham Barons : RHP Josh Montgomery
Batting: RHB Steve Pedraza 0-0: Swinging Strike
0-1: Ball
1-1: Ball
2-1: Ball
3-1: Base on Balls
Batting: LHB Matt Blish 0-0: Called Strike
0-1: Grounds into double play, 4-6-3 (Groundball, 34, EV 83.8 MPH)
Batting: RHB Brett O'Grady 0-0: Ball
1-0: Called Strike
1-1: Swinging Strike
1-2: Foul Ball, location: 2F
1-2: Strikes out swinging
Bottom of the 2nd over - 0 runs, 0 hits, 0 errors, 0 left on base; Birmingham 0 - Jacksonville 0
TOP OF THE 3RD
Birmingham Barons batting - Pitching for Jacksonville Suns : RHP Jaime Alvim
Batting: RHB Jose Delgado 0-0: Called Strike
0-1: Ball
1-1: Ground out 4-3 (Groundball, 4S, EV 87.5 MPH)
Batting: RHB Bobby Richards 0-0: Called Strike
0-1: Foul Ball, location: 2F
0-2: Ball
1-2: Ball
2-2: Ball
3-2: Base on Balls
Batting: RHB Joe Schoeffler 0-0: Fly out, F9 (Flyball, 89S, EV 94.4 MPH)
Batting: RHB John Iglesias 0-0: Called Strike
0-1: Swinging Strike
0-2: Ball
1-2: Foul Ball, location: 9LMFF
1-2: Ball
2-2: Strikes out swinging
Top of the 3rd over - 0 runs, 0 hits, 0 errors, 1 left on base; Birmingham 0 - Jacksonville 0
BOTTOM OF THE 3RD
Jacksonville Suns batting - Pitching for Birmingham Barons : RHP Josh Montgomery
Batting: LHB Jerry Morales 0-0: SINGLE (Line Drive, 56, EV 108.1 MPH)
Batting: RHB Jamie Klein 0-0: Bunt missed!
0-1: Foul Ball, location: 9LDF
0-2: Ball
1-2: Foul Ball, location: 2F
1-2: Ball
2-2: Ball
3-2: Fly out, F8 (Flyball, 8RM, EV 96.3 MPH)
Batting: RHB Jeremy Bennett 0-0: Foul Ball, location: 23F
0-1: Foul Ball, location: 5FF
0-2: Foul Ball, location: 2F
0-2: Ball
1-2: Strikes out swinging
Batting: RHB Chris Kern 0-0: Called Strike
0-1: Ball
1-1: Called Strike
1-2: Ground out 6-3 (Groundball, 6M, EV 91.3 MPH)
Bottom of the 3rd over - 0 runs, 1 hit, 0 errors, 1 left on base; Birmingham 0 - Jacksonville 0
TOP OF THE 4TH
Birmingham Barons batting - Pitching for Jacksonville Suns : RHP Jaime Alvim
Batting: RHB Henry Daniels 0-0: Foul Ball, location: 2LF
0-1: Foul Ball, location: 5F
0-2: Ball
1-2: SOLO HOME RUN (Flyball, 78XD, EV 109.4 MPH), Distance : 426 ft
Batting: LHB Bob Cozart 0-0: Called Strike
0-1: Swinging Strike
0-2: Ball
1-2: Fly out, F8 (Line Drive, 89M, EV 105.0 MPH)
Batting: RHB Jesse Rhodes 0-0: Ball
1-0: Ball
2-0: Fly out, F9 (Flyball, 9, EV 81.9 MPH)
Batting: LHB Nelson Cervantes 0-0: Ball
1-0: Foul Ball, location: 7LSF
1-1: Foul Ball, location: 7LDF
1-2: Ball
2-2: Ground out 6-3 (Groundball, 6M, EV 110.6 MPH)
Top of the 4th over - 1 run, 1 hit, 0 errors, 0 left on base; Birmingham 1 - Jacksonville 0
BOTTOM OF THE 4TH
Jacksonville Suns batting - Pitching for Birmingham Barons : RHP Josh Montgomery
Batting: RHB Dusty Evans 0-0: Called Strike
0-1: Fly out, F3 (Popup, 3F, EV 66.3 MPH)
Batting: RHB Kento Asakura 0-0: Ball
1-0: Called Strike
1-1: Ground out 6-3 (Groundball, 6, EV 87.5 MPH)
Batting: RHB Steve Pedraza 0-0: Ground out 6-3 (Groundball, 6, EV 101.3 MPH)
Bottom of the 4th over - 0 runs, 0 hits, 0 errors, 0 left on base; Birmingham 1 - Jacksonville 0
TOP OF THE 5TH
Birmingham Barons batting - Pitching for Jacksonville Suns : RHP Jaime Alvim
Batting: RHB Bryce Spraggins 0-0: Ball
1-0: Called Strike
1-1: Foul Ball, location: 2F
1-2: Ball
2-2: Foul Ball, location: 9LDF
2-2: Foul Ball, location: 2F
2-2: Foul Ball, location: 3FF
2-2: Ball
3-2: Foul Ball, location: 2F
3-2: Reached on error, E6 (Groundball, 6M, EV 63.8 MPH)
Batting: RHB Jose Delgado 0-0: DOUBLE (Flyball, 8LXD, EV 105.0 MPH)
Bryce Spraggins scores
Batting: RHB Bobby Richards 0-0: Ball
1-0: Fly out, F9 (Flyball, 89XD, EV 83.1 MPH)
Runner from 2nd tags up, SAFE at 3rd, no throw by RF
Batting: RHB Joe Schoeffler 0-0: Ball
1-0: Ball
2-0: Ball
3-0: Called Strike
3-1: Called Strike
3-2: Reached on error, E6 (Groundball, P, EV 88.8 MPH)
Jose Delgado scores
Batting: RHB John Iglesias 0-0: Swinging Strike
0-1: Swinging Strike
0-2: Ball
1-2: Foul Ball, location: 7LMF
1-2: Strikes out swinging
Batting: RHB Henry Daniels 0-0: Called Strike
0-1: Ball
1-1: Ball
2-1: Ball
3-1: Foul Ball, location: 9LDF
3-2: Ground out 1-3 (Groundball, P, EV 76.9 MPH)
Top of the 5th over - 2 runs, 1 hit, 2 errors, 1 left on base; Birmingham 3 - Jacksonville 0
BOTTOM OF THE 5TH
Jacksonville Suns batting - Pitching for Birmingham Barons : RHP Josh Montgomery
Batting: LHB Matt Blish 0-0: Ball
1-0: Swinging Strike
1-1: Called Strike
1-2: Ball
2-2: Ball
3-2: Strikes out swinging
Batting: RHB Brett O'Grady 0-0: Foul Ball, location: 2F
0-1: Swinging Strike
0-2: Strikes out swinging
Batting: LHB Jerry Morales 0-0: Foul Ball, location: 7LDF
0-1: Fly out, F7 (Flyball, 7S, EV 90.6 MPH)
Bottom of the 5th over - 0 runs, 0 hits, 0 errors, 0 left on base; Birmingham 3 - Jacksonville 0
TOP OF THE 6TH
Birmingham Barons batting - Pitching for Jacksonville Suns : RHP Jaime Alvim
Pitching: RHP George Canup
Batting: LHB Bob Cozart 0-0: Called Strike
0-1: Ball
1-1: Called Strike
1-2: DOUBLE (Flyball, 89D, EV 106.9 MPH)
Batting: RHB Jesse Rhodes 0-0: Ball
1-0: Ball
2-0: SINGLE (Line Drive, 7S, EV 88.8 MPH)
Bob Cozart to third
Batting: LHB Nelson Cervantes 0-0: Fielders Choice at home, 4-2 (Groundball, 34, EV 110.0 MPH)
Jesse Rhodes to second
Batting: RHB Bryce Spraggins 0-0: Ball
1-0: Fly out, F3 (Popup, 3DF, EV 68.1 MPH)
Batting: RHB Jose Delgado 0-0: Ball
1-0: Swinging Strike
1-1: Ball
2-1: Called Strike
2-2: Ball
3-2: Base on Balls
Jesse Rhodes to third
Nelson Cervantes to second
Batting: RHB Bobby Richards 0-0: Called Strike
0-1: Ball
1-1: Fielders Choice at 2nd, 6-4 (Groundball, 6, EV 86.3 MPH)
Top of the 6th over - 0 runs, 2 hits, 0 errors, 3 left on base; Birmingham 3 - Jacksonville 0
BOTTOM OF THE 6TH
Jacksonville Suns batting - Pitching for Birmingham Barons : RHP Josh Montgomery
Batting: RHB Jamie Klein 0-0: Ball
1-0: Foul Ball, location: 9LMF
1-1: Swinging Strike
1-2: Strikes out swinging
Batting: RHB Jeremy Bennett 0-0: Called Strike
0-1: Swinging Strike
0-2: Ball
1-2: Ball
2-2: Foul Ball, location: 9LSF
2-2: Ball
3-2: Foul Ball, location: 2F
3-2: Base on Balls
Batting: RHB Chris Kern 0-0: Called Strike
0-1: Ball
1-1: Foul Ball, location: 9LMF
1-2: Foul Ball, location: 7LMF
1-2: Ball
2-2: Foul Ball, location: 9LMF
2-2: Ball
3-2: Foul Ball, location: 2F
3-2: Foul Ball, location: 2F
3-2: Base on Balls
Jeremy Bennett to second
Batting: RHB Dusty Evans 0-0: Called Strike
0-1: Ball
1-1: Fly out, F9 (Flyball, 9S, EV 93.8 MPH)
Batting: RHB Kento Asakura 0-0: Ball
1-0: Ball
2-0: Fly out, F7 (Line Drive, 78M, EV 76.3 MPH)
Bottom of the 6th over - 0 runs, 0 hits, 0 errors, 2 left on base; Birmingham 3 - Jacksonville 0
TOP OF THE 7TH
Birmingham Barons batting - Pitching for Jacksonville Suns : RHP George Canup
Batting: RHB Joe Schoeffler 0-0: Ball
1-0: Swinging Strike
1-1: Fly out, F8 (Flyball, 8LD, EV 70.6 MPH)
Batting: RHB John Iglesias 0-0: Called Strike
0-1: Ball
1-1: Swinging Strike
1-2: Strikes out looking
Batting: RHB Henry Daniels 0-0: Ball
1-0: DOUBLE (Line Drive, 5D, EV 105.6 MPH)
Batting: LHB Bob Cozart 0-0: Called Strike
0-1: Foul Ball, location: 2RF
0-2: Foul Ball, location: 5FF
0-2: Ball
1-2: Ball
2-2: Foul Ball, location: 9LMF
2-2: Ground out U3 (Groundball, 34, EV 104.4 MPH)
Top of the 7th over - 0 runs, 1 hit, 0 errors, 1 left on base; Birmingham 3 - Jacksonville 0
BOTTOM OF THE 7TH
Jacksonville Suns batting - Pitching for Birmingham Barons : RHP Josh Montgomery
Now in LF: Zachary Johnson
Batting: RHB Steve Pedraza 0-0: Called Strike
0-1: SOLO HOME RUN (Flyball, 78XD, EV 105.0 MPH), Distance : 431 ft
Pitching: RHP Josh Ambro
Now in LF: Joel Bailey
Now in CF: Zachary Johnson
Batting: LHB Matt Blish 0-0: Ball
1-0: Foul Ball, location: 2RF
1-1: Ground out 5-3 (Groundball, 6S, EV 86.3 MPH)
Batting: RHB Brett O'Grady 0-0: Ball
1-0: Ball
2-0: Swinging Strike
2-1: Ground out 6-3 (Groundball, 6, EV 106.3 MPH)
Batting: LHB Jerry Morales 0-0: SINGLE (Line Drive, 89S, EV 92.5 MPH)
Batting: RHB Jamie Klein 0-0: Foul Ball, location: 2F
0-1: Foul Ball, location: 9LMF
0-2: Strikes out swinging
Bottom of the 7th over - 1 run, 2 hits, 0 errors, 1 left on base; Birmingham 3 - Jacksonville 1
TOP OF THE 8TH
Birmingham Barons batting - Pitching for Jacksonville Suns : RHP George Canup
Pitching: RHP Joe Reiling
Batting: RHB Jesse Rhodes 0-0: Foul Ball, location: 9LDF
0-1: Called Strike
0-2: Ball
1-2: Ball
2-2: Fly out, F8 (Flyball, 89S, EV 89.4 MPH)
Batting: LHB Nelson Cervantes 0-0: Foul Ball, location: 2F
0-1: Fly out, F8 (Flyball, 78D, EV 101.3 MPH)
Batting: RHB Bryce Spraggins 0-0: Ball
1-0: Foul Ball, location: 3F
1-1: Fly out, F5 (Popup, 5SF, EV 76.3 MPH)
Top of the 8th over - 0 runs, 0 hits, 0 errors, 0 left on base; Birmingham 3 - Jacksonville 1
BOTTOM OF THE 8TH
Jacksonville Suns batting - Pitching for Birmingham Barons : RHP Josh Ambro
Batting: RHB Jeremy Bennett 0-0: Ball
1-0: Called Strike
1-1: Called Strike
1-2: SINGLE (Groundball, 6, EV 86.3 MPH) (infield hit)
Pinch Hitting: LHB Aaron Ellison 0-0: Ball
1-0: Fly out, F8 (Line Drive, 8RM, EV 87.5 MPH)
Batting: RHB Dusty Evans 0-0: Ball
1-0: Swinging Strike
1-1: Ball
2-1: Ball
Wild Pitch!
Jeremy Bennett to second
3-1: Foul Ball, location: 7LMF
3-2: Fly out, F9 (Line Drive, 9, EV 89.4 MPH)
Batting: RHB Kento Asakura 0-0: Ball
1-0: Foul Ball, location: 7LSF
1-1: Ball
2-1: Called Strike
2-2: Strikes out swinging
Bottom of the 8th over - 0 runs, 1 hit, 0 errors, 1 left on base; Birmingham 3 - Jacksonville 1
TOP OF THE 9TH
Birmingham Barons batting - Pitching for Jacksonville Suns : RHP Joe Reiling
Now in CF: Jake King
Batting: RHB Jose Delgado 0-0: Called Strike
0-1: Foul Ball, location: 25F
0-2: Ball
1-2: Strikes out swinging, 2-3 out at first.
Batting: RHB Bobby Richards 0-0: SOLO HOME RUN (Flyball, 8RXD, EV 108.8 MPH), Distance : 458 ft
Batting: RHB Joe Schoeffler 0-0: Foul Ball, location: 9LSF
0-1: Ball
1-1: Swinging Strike
1-2: Ground out 6-3 (Groundball, 6, EV 103.1 MPH)
Batting: RHB John Iglesias 0-0: Swinging Strike
0-1: Swinging Strike
0-2: Ball
1-2: Ball
2-2: Ball
3-2: Ground out 6-3 (Groundball, 6, EV 80.6 MPH)
Top of the 9th over - 1 run, 1 hit, 0 errors, 0 left on base; Birmingham 4 - Jacksonville 1
BOTTOM OF THE 9TH
Jacksonville Suns batting - Pitching for Birmingham Barons : RHP Josh Ambro
Batting: RHB Steve Pedraza 0-0: Ball
1-0: Called Strike
1-1: Ball
2-1: SINGLE (Line Drive, 7S, EV 104.4 MPH)
Batting: LHB Matt Blish 0-0: Swinging Strike
0-1: Ball
1-1: Foul Ball, location: 2F
1-2: Ball
2-2: Fly out, F7 (Flyball, 7S, EV 83.8 MPH)
Pinch Hitting: LHB Dan Parker 0-0: Called Strike
0-1: Ball
1-1: Ball
2-1: Ball
3-1: Base on Balls
Steve Pedraza to second
Pitching: LHP Chris Wulf
Pinch Hitting: RHB Jon Garza 0-0: Called Strike
0-1: Ball
1-1: Ball
2-1: Foul Ball, location: 5F
2-2: Ball
3-2: Foul Ball, location: 3DF
3-2: Strikes out swinging
Batting: RHB Jamie Klein 0-0: Called Strike
0-1: Fielders Choice at 2nd, 6-4 (Groundball, 6, EV 82.5 MPH)
Bottom of the 9th over - 0 runs, 1 hit, 0 errors, 2 left on base; Birmingham 4 - Jacksonville 1
Tuesday, May 14th , 2024 - OOTP Baseball 24.11 Build 85